 Dungeon Crawl Stone Soup version 0.29.1-2-gbd0b4ee654 (webtiles) character file.

Game seed: 14811970133609695476

19 qeuew the Shooter (level 2, 0/15 HPs)
             Began as a Spriggan Hunter on Nov 3, 2022.
             Succumbed to an adder's poison
             ... on level 2 of the Dungeon.
             The game lasted 00:01:34 (1133 turns).

qeuew the Shooter (Spriggan Hunter)                 Turns: 1133, Time: 00:01:35

Health: 0/15       AC:  2    Str:  7    XL:     2   Next: 55%
Magic:  3/3        EV: 18    Int: 10    God:
Gold:   37         SH:  0    Dex: 18    Spells: 1/1 levels left

rFire   . . .      SeeInvis +   a - +1 shortbow
rCold   . . .      Faith    .   (shield currently unavailable)
rNeg    . . .      Spirit   .   c - +0 robe
rPois   .          Reflect  .   (helmet restricted)
rElec   .          Harm     .   (no cloak)
rCorr   .          Rampage  .   (gloves unavailable)
Will    .....                   (boots unavailable)
Stlth   ++........              (no amulet)
HPRegen 0.05/turn               (no ring)
MPRegen 0.08/turn               (no ring)

@: lethally poisoned (0 -> -2), very quick
A: very small, no large weapons, unfitting armour, see invisible, speed 3
a: no special abilities


You were on level 2 of the Dungeon.
You visited 1 branch of the dungeon, and saw 2 of its levels.

You collected 37 gold pieces.

Inventory:

Hand Weapons
 a - a +1 shortbow (weapon)
 d - a +0 dagger
Armour
 c - a +0 robe (worn)
Scrolls
 b - a scroll of butterflies {unknown}
 e - a scroll of blinking


   Skills:
 + Level 1.6 Fighting
 * Level 0.7 Short Blades
 * Level 4.3 Ranged Weapons
 + Level 3.0 Dodging
 + Level 2.2 Stealth


You had one spell level left.
You didn't know any spells.
Your spell library contained the following spells:

 Spells                   Type           Power      Damage    Failure   Level
 Dazzling Flash           Conj/Hex       0%         N/A       75%         3
 Iskenderun's Mystic Bla  Conj/Tloc      0%         2d3       98%         4
 Petrify                  Tmut/Erth      0%         N/A       98%         4
 Metabolic Englaciation   Hex/Ice        0%         N/A       100%        5
 Starburst                Conj/Fire      0%         6d3       100%        6
 Statue Form              Tmut/Erth      0%         N/A       100%        6


Dungeon Overview and Level Annotations

Branches:
Dungeon (2/15)

Altars:


Innate Abilities, Weirdness & Mutations

You are very small and have problems with some larger weapons.
You are too small for most types of armour.
You have supernaturally acute eyesight. (SInv)
You cover ground extremely quickly. (Speed+++)


Message History

The ball python barely misses you. The ball python closely misses you.
You shoot an arrow.
The arrow barely misses the ball python.
The ball python bites you. The ball python misses you.
The ball python bites you. The ball python misses you.
The hobgoblin misses you.
You shoot an arrow. The arrow hits the ball python!
You kill the ball python!
The hobgoblin misses you.
You shoot an arrow. The arrow barely misses the adder.
The adder closely misses you. The hobgoblin completely misses you.
The adder completely misses you.
You shoot an arrow. The arrow barely misses the adder.
The adder barely misses you. The hobgoblin barely misses you.
The adder completely misses you.
You shoot an arrow. The arrow hits the adder.
The adder is heavily wounded.
The hobgoblin closely misses you. The adder misses you.
The hobgoblin barely misses you.
You shoot an arrow. The arrow closely misses the adder.
The adder misses you. The hobgoblin hits you. The adder bites you.
You are lethally poisoned!
The adder poisons you!
You are too injured to fight recklessly!
You are too injured to fight recklessly!
You are too injured to fight recklessly!
You are too injured to fight recklessly!
* * * LOW HITPOINT WARNING * * *
You feel sick.
* * * LOW HITPOINT WARNING * * *
You feel sick.
* * * LOW HITPOINT WARNING * * *
You feel sick.
* * * LOW HITPOINT WARNING * * *
You feel sick.
* * * LOW HITPOINT WARNING * * *
You feel sick.
You aren't carrying any potions.
Okay, then.
You die...

.##########
.......<..#
.#######..##
##..@##
##.....##
#.†.....####
#++##
#...........
.....
#...S...###.#
...?.[##.....##
⌠≈≈⌠|.###g..##
≈≈≈≈..'.#..##
≈≈≈§..'...##


You could see an adder and a hobgoblin.

Vanquished Creatures
  A dart slug (D:2)
  4 hobgoblins (D:1)
  6 ball pythons
  3 bats (D:1)
  A kobold (D:1)
  2 rats (D:1)
17 creatures vanquished.

Notes
Turn   | Place    | Note
-------+----------+-------------------------------------------
     0 | D:1      | qeuew the Spriggan Hunter began the quest for the Orb.
     0 | D:1      | Reached XP level 1. HP: 10/10 MP: 2/2
   142 | D:1      | Found a faded altar of an unknown god.
   228 | D:1      | Reached XP level 2. HP: 14/14 MP: 3/3
  1133 | D:2      | Succumbed to an adder's poison

Illustrated notes

Levels and vault maps discovered:
D:1:      amcnicky_arrival_wind_blow, layout_basic,
          nicolae_ecumenical_snake_handling
D:2:      layout_loops_ring, serial_shops, shop_statue,
          nicolae_shop_overgrown_old_shop, nicolae_shop_hallway_stairs,
          kennysheep_generic_room_6

Skill      XL: |  1 |
---------------+----+-----
Stealth        | 2 |  2.2
Dodging        | 3 |  3.0
Fighting       | |  1.6
Short Blades   | |  0.7
Ranged Weapons | |  4.3

Action                   || total
-------------------------++-------
 Fire: Shortbow          ||    57
  Use: Scroll            ||     2
Armor: Robe              ||     4
Dodge: Dodged            ||    46
